 Dungeon Crawl Stone Soup version 0.19.5 (webtiles) character file.

922 pimpchat the Shield-Bearer (level 8, -10/68 HPs)
             Began as a Hill Orc Fighter on May 4, 2017.
             Was an Initiate of Qazlal.
             Mangled by an orc warrior
             ... wielding a +0 halberd
              (21 damage)
             ... on level 5 of the Dungeon.
             The game lasted 00:24:12 (4441 turns).

pimpchat the Shield-Bearer (Hill Orc Fighter)       Turns: 4441, Time: 00:24:13

Health: -10/68     AC: 11    Str: 19    XL:     8   Next: 10%
Magic:  8/8        EV:  6    Int: 16    God:    Qazlal [......]
Gold:   250        SH: 10    Dex: 12    Spells: 1 memorised, 5 levels left

rFire  . . .     SeeInvis .     C - +0 rapier (curse)
rCold  . . .     Gourm    .     f - +0 chain mail (curse)
rNeg   . . .     Faith    .     c - +0 shield
rPois  .         Spirit   .     g - +0 helmet
rElec  .         Reflect  .     (no cloak)
rCorr  .         Harm     .     (no gloves)
MR     .....                    (no boots)
Stlth  ..........               (no amulet)
                                s - +3 ring of intelligence
                                t - +5 ring of intelligence

@: no status effects
A: no striking features
a: Renounce Religion, Convert to Beogh


You were on level 5 of the Dungeon.
You worshipped Qazlal.
Qazlal was noncommittal.
You were not hungry.

You visited 1 branch of the dungeon, and saw 6 of its levels.

You collected 250 gold pieces.

Inventory:

Hand Weapons
 C - a cursed +0 rapier (weapon)
Armour
 c - a +0 shield (worn)
 f - a cursed +0 chain mail (worn)
 g - a +0 helmet (worn)
Jewellery
 l - an uncursed ring of flight
 s - a +3 ring of intelligence (right hand)
 t - a +5 ring of intelligence (left hand)
Wands
 a - a wand of slowing (20/48)
Scrolls
 e - 2 scrolls of noise
 h - 2 scrolls of teleportation
 j - 2 scrolls of remove curse
 o - 2 scrolls of recharging
 r - a scroll of magic mapping
 x - a scroll of identify
Potions
 d - a potion of might
 A - a potion of mutation
Books
 p - a book of Minor Magic

   Spells                             Type                      Level
   a - Magic Dart                     Conjuration                  1
   b - Blink                          Translocation                2
   c - Call Imp                       Summoning                    2
   d - Repel Missiles                 Charms/Air                   2
   e - Slow                           Hexes                        2
   f - Conjure Flame                  Conjuration/Fire             3
   g - Mephitic Cloud                 Conjuration/Poison/Air       3
Comestibles
 i - 3 meat rations
 m - 3 beef jerkies
 q - 4 fruits
 u - 2 bread rations
 z - a royal jelly


   Skills:
 + Level 5.3 Fighting
 + Level 5.7 Short Blades
 + Level 5.2 Armour
 + Level 1.9 Dodging
 + Level 0.3 Stealth
 + Level 5.8 Shields


You had 5 spell levels left.
You knew the following spells:

 Your Spells              Type           Power        Failure   Level  Hunger
a - Blink                 Tloc           N/A          100%        2    ###....


Dungeon Overview and Level Annotations

Branches:
Dungeon (6/15)
 Temple: D:4-7

Altars:
Qazlal
Yredelemnul

Annotations:
D:5 Prince Ribbit


Message History

You block the orc warrior's attack.
You hit the orc warrior.
The orc warrior is heavily wounded.
You block the orc warrior's attack.
The orc priest shouts, "Join the one true god or die!"
You hit the orc warrior but do no damage.
The orc warrior is heavily wounded.
You block the orc warrior's attack.
You hit the orc warrior but do no damage.
The orc warrior is heavily wounded.
You block the orc warrior's attack.
You hit the orc warrior.
The orc warrior is heavily wounded.
The orc warrior hits you but does no damage.
You hit the orc warrior but do no damage.
The orc warrior is heavily wounded.
You closely miss the orc warrior.
The orc warrior is heavily wounded.
The orc warrior hits you with a halberd!!
You die...

.....ooo.(.............
......####...#.#######.
..... ##.##.# ....
####.# ... #.# #+# #.#
#.# #.#
#.############.#
##.#.ooo@.......#
##....############
#####......#
...........#
#######....# ##....#
#.....# ##....# #..#.#


You could see an orc warrior, an orc priest and an orc.

Vanquished Creatures
  Sigmund (D:3)
  The ghost of greprep the Sneak, an amateur SpEn (D:3)
  An ice beast (D:5)
  A centaur (D:5)
  A howler monkey (D:4)
  A centaur zombie (D:5)
  A hound (D:4)
  3 orc wizards
  2 orc priests
  Terence (D:3)
  A worker ant (D:5)
  7 adders
  A gnoll (D:1)
  An adder skeleton (D:5)
  6 worms
  2 dart slugs
  3 leopard geckos
  14 orcs
  8 bats
  5 giant cockroaches
  5 goblins
  4 hobgoblins
  2 jackals (D:3)
  5 kobolds
  2 quokkas
  2 ball pythons (D:1)
  4 frilled lizards
  2 gnoll zombies (D:2)
  11 rats
98 creatures vanquished.

Notes
Turn   | Place    | Note
-------+----------+-------------------------------------------
     0 | D:1      | pimpchat the Hill Orc Fighter began the quest for the Orb.
     0 | D:1      | Reached XP level 1. HP: 19/19 MP: 1/1
    67 | D:1      | Reached XP level 2. HP: 24/27 MP: 2/2
   191 | D:1      | Reached XP level 3. HP: 18/33 MP: 3/3
  1067 | D:2      | Found a basalt altar of Yredelemnul.
  1125 | D:2      | Reached XP level 4. HP: 40/40 MP: 4/4
  1457 | D:3      | Noticed greprep's ghost (amateur SpEn)
  1479 | D:3      | Killed greprep's ghost
  1479 | D:3      | Reached skill level 1 in Dodging
  1479 | D:3      | Reached XP level 5. HP: 39/47 MP: 5/5
  1497 | D:3      | Noticed Sigmund
  1520 | D:3      | Killed Sigmund
  1520 | D:3      | Reached XP level 6. HP: 6/53 MP: 6/6
  2066 | D:3      | Noticed Terence
  2091 | D:3      | Killed Terence
  2091 | D:3      | Reached XP level 7. HP: 30/60 MP: 7/7
  2485 | D:4      | Reached skill level 5 in Shields
  2513 | D:4      | Gained mutation: You are agile. (Dex +2) [potion of mutation]
  2513 | D:4      | Gained mutation: Your muscles are strong. (Str +2) [potion of mutation]
  2513 | D:4      | Gained mutation: You have sharp toenails. [potion of mutation]
  2625 | D:4      | Lost mutation: You are agile. (Dex +2) [potion of cure mutation]
  2625 | D:4      | Lost mutation: Your muscles are strong. (Str +2) [potion of cure mutation]
  2625 | D:4      | Lost mutation: You have sharp toenails. [potion of cure mutation]
  2688 | D:4      | Reached skill level 5 in Short Blades
  2772 | D:4      | Reached skill level 5 in Fighting
  3225 | D:4      | Got a faintly humming robe
  3231 | D:5      | Entered Level 5 of the Dungeon
  3285 | D:5      | HP: 1/61 [something/magic dart (8)]
  3978 | D:5      | Found a stormy altar of Qazlal.
  3987 | D:5      | Noticed Prince Ribbit
  3997 | D:5      | Became a worshipper of Qazlal Stormbringer
  4011 | D:5      | Learned a level 2 spell: Blink
  4046 | D:5      | Reached skill level 5 in Armour
  4063 | D:5      | Reached XP level 8. HP: 44/68 MP: 8/8
  4441 | D:5      | Mangled by an orc warrior

Skill      XL: |  1  2  3  4  5  6  7 |
---------------+----------------------+-----
Fighting       | 4 5 |  5.3
Armour         | 4 5 |  5.2
Short Blades   | 3 4 5 |  5.7
Dodging        | 1 |  1.9
Shields        | 4 5 |  5.8
Stealth        | |  0.3

Action                   |  1- 3 |  4- 6 |  7- 9 || total
-------------------------+-------+-------+-------++-------
Melee: Rapier            |   107 |   172 |   247 ||   526
       Kick              |       |       |     7 ||     7
  Use: Scroll            |     5 |     3 |     6 ||    14
       Potion            |     1 |       |     3 ||     4
  Eat: Bread ration      |     1 |       |     1 ||     2
       Meat ration       |       |       |     1 ||     1
Armor: Scale mail        |    53 |    61 |     9 ||   123
       Chain mail        |       |       |    88 ||    88
Dodge: Dodged            |    29 |    51 |    48 ||   128
Block: Shield            |    54 |    72 |   122 ||   248
